 Dungeon Crawl Stone Soup version 0.26.0-10-g1f06aea511 (webtiles) character file.

Game seed: 4701733334751146220

36 Dracia the Shield-Bearer (level 3, -3/29 HPs)
             Began as a Demonspawn Fighter on Jan 20, 2021.
             Slain by a gnoll
             ... wielding a +0 halberd
              (8 damage)
             ... on level 2 of the Dungeon.
             The game lasted 00:01:32 (994 turns).

Dracia the Shield-Bearer (Demonspawn Fighter)        Turns: 994, Time: 00:01:32

Health: -3/29      AC:  6    Str: 16    XL:     3   Next: 19%
Magic:  3/3        EV:  7    Int: 10    God:
Gold:   74         SH:  9    Dex: 12    Spells: 2/2 levels left

rFire    . . .     SeeInvis .   a - +1 rapier
rCold    . . .     Faith    .   c - +0 kite shield
rNeg     . . .     Spirit   .   b - +0 scale mail
rPois    +         Reflect  .   (no helmet)
rElec    .         Harm     .   (no cloak)
rCorr    +         Rampage  .   (no gloves)
Will     .....                  (no boots)
Stlth    ..........             o - amulet of magic regeneration
HPRegen  0.09/turn              P - ring of poison resistance
MPRegen  0.33/turn              R - ring of resist corrosion

@: no status effects
A: hooves 1
a: no special abilities


You were on level 2 of the Dungeon.
You visited 1 branch of the dungeon, and saw 2 of its levels.

You collected 74 gold pieces.


Innate Abilities, Weirdness & Mutations

You have large cloven feet.


   Skills:
 - Level 3.0 Fighting
 - Level 1.7 Short Blades
 + Level 3.1 Armour
 + Level 1.2 Dodging
 + Level 3.2 Shields


You had 2 spell levels left.
You didn't know any spells.
Your spell library was empty.

Inventory:

Hand Weapons
 a - a +1 rapier (weapon)
Armour
 b - a +0 scale mail (worn)
 c - a +0 kite shield (worn)
Jewellery
 o - an amulet of magic regeneration (around neck)
 P - a ring of poison resistance (left hand)
 R - a ring of resist corrosion (right hand)
Scrolls
 e - 2 scrolls of identify {@r1@r1}
 g - 2 scrolls of immolation
Potions
 d - a potion of might
 f - a potion of curing {@q1@q1}
 k - a potion of magic {unknown}
 m - a potion of brilliance {unknown}

Dungeon Overview and Level Annotations

Branches:
Dungeon (2/15)

Altars:

#.# #### #.# ##...#
#.# ......# #)#
.......#####.#
........(.##.####
.........g..$...##.#
#.....###g##.........
#..... #@gg.........
#.#.# #.####.#.#### #
#. #.# .#.# # .#$ .#
# .# # .. ## .)


You could see 3 gnolls and a goblin.


Message History

Keep equipping yourself?
You finish putting on your uncursed amulet of magic regeneration.
o - an amulet of magic regeneration (around neck)
h - a ring of poison resistance (left hand)
P - a ring of poison resistance (left hand)
j - a ring of resist corrosion (right hand)
R - a ring of resist corrosion (right hand)
As you read the scroll labelled ZERETY DEYDYSTRYEMI, it crumbles to dust.
You feel blessed for a moment.
It was a scroll of remove curse.
As you read the scroll labelled ZIQ YSMALU, it crumbles to dust.
The air around you briefly surges with heat, but it dissipates.
It was a scroll of immolation.
(D) Dungeon
Where to? (Enter - D:2, ? - help)
There is a stone staircase leading down here.
You climb downwards.
You block the gnoll's attack.
There is a stone staircase leading up here.
There are monsters nearby!
There are monsters nearby!
You completely miss the gnoll. You kick the gnoll.
The gnoll is lightly wounded.
You block the gnoll's attack. The gnoll hits you with a +0 whip.
The gnoll hits you from afar with a +0 halberd!
Ouch! That really hurt!
* * * LOW HITPOINT WARNING * * *
The gnoll hits you with a +0 whip.
* * * LOW HITPOINT WARNING * * *
You block the gnoll's attack.
The gnoll hits you from afar with a +0 halberd!
You die...

Skill      XL: |  1  2 |
---------------+-------+-----
Armour         | 3 |  3.1
Shields        | 3 |  3.2
Dodging        | 1 |  1.2
Fighting       | |  3.0
Short Blades   | |  1.7

Action                   || total
-------------------------++-------
Melee: Rapier            ||    51
       Kick              ||     6
  Use: Scroll            ||     5
Armor: Scale mail        ||    20
Dodge: Dodged            ||    10
Block: Kite shield       ||    22

Levels and vault maps discovered:
D:1:      dpeg_arrival_concentric_ovals, layout_basic, serial_curves,
          eino_curves_03, eino_curves_02, eino_curves_02, eino_curves_01
D:2:      layout_loops_ring, lemuel_crystal_altar, roderic_roman_lattice,
          minmay_pentomino_t2, uniq_terence, uniq_jessica

Notes
Turn   | Place    | Note
-------+----------+-------------------------------------------
     0 | D:1      | Dracia the Demonspawn Fighter began the quest for the Orb.
     0 | D:1      | Reached XP level 1. HP: 18/18 MP: 1/1
   477 | D:1      | Gained mutation: You have large cloven feet. [demonic
                  | ancestry]
   477 | D:1      | Reached XP level 2. HP: 21/24 MP: 2/2
   553 | D:1      | Reached skill level 3 in Armour
   553 | D:1      | Reached skill level 3 in Shields
   671 | D:1      | Reached skill level 1 in Dodging
   964 | D:1      | Reached XP level 3. HP: 23/29 MP: 3/3
   994 | D:2      | Slain by a gnoll

Vanquished Creatures
  A gnoll (D:1)
  An ooze (D:1)
  3 dart slugs (D:1)
  2 goblins (D:1)
  3 kobolds (D:1)
  A quokka (D:2)
  2 bats (D:1)
  3 frilled lizards (D:1)
  2 rats (D:1)
18 creatures vanquished.

Table legend: (Time is in decaauts)
 A = Elapsed time spent in this place.
 B = Non-inter-level travel time spent in this place.
 C = Inter-level travel time spent in this place.
 D = Time resting spent in this place.
 E = Time spent auto-exploring this place.
 F = Levels seen in this place.
 G = Mean time per level.
                   A        B        C        D        E       F      G
               +--------+--------+--------+--------+--------+-----+--------+
         Total |   1003 |    967 |     36 |      0 |    829 |   2 |  501.5 |
       Dungeon |   1003 |    967 |     36 |      0 |    829 |   2 |  501.5 |
               +--------+--------+--------+--------+--------+-----+--------+

Top non-repeatable levels by time:
     D:1: 982 daAuts
     D:2: 20 daAuts

Table legend:
 A = Non-vault XP
 B = Vault XP
 C = Vault XP percentage of total XP
 D = Non-vault monster count
 E = Vault monster count
 F = Vault count percentage of total count
                 A         B        C        D         E       F
            +---------+---------+-------+---------+---------+-------
      Total |      52 |       0 |   0.0 |      18 |       0 |   0.0
            +---------+---------+-------+---------+---------+-------
        D:1 |      50 |       0 |   0.0 |      17 |       0 |   0.0
        D:2 |       2 |       0 |   0.0 |       1 |       0 |   0.0
            +---------+---------+-------+---------+---------+-------
